Construct Section Command Post
Selects Australian Defense Battlegroup
Selects Australian Light Infantry Section
Australian Light Infantry Section
Australian Light Infantry Section
Construct Field Infirmary
Australian Light Infantry Section
Construct Platoon Command Post
Selects CMP 15cwt Supply Run
6-pounder Anti-tank Gun Team
Construct Company Command Post
Selects Defensive Tactics
Selects Vehicle Over Repair